 Dungeon Crawl Stone Soup version 0.28-a0-60-g54b5640690 (webtiles) character file.

Game seed: 5609228436970776402

304 quinnr the Gusty (level 6, -1/34 HPs)
             Began as a Tengu Air Elementalist on July 30, 2021.
             Was a Believer of Qazlal.
             Slain by a wyvern (19 damage)
             ... on level 5 of the Dungeon.
             The game lasted 00:07:16 (5022 turns).

quinnr the Gusty (Tengu Air Elementalist)           Turns: 5022, Time: 00:07:16

Health: -1/34      AC:  2    Str:  8    XL:     6   Next: 38%
Magic:  3/20       EV: 15    Int: 18    God:    Qazlal [**....]
Gold:   216        SH:  8    Dex: 14    Spells: 3/11 levels left

rFire   . . .      SeeInvis .   s - staff of conjuration
rCold   . . .      Faith    .   (no shield)
rNeg    . . .      Spirit   .   a - +0 robe
rPois   .          Reflect  +   (helmet restricted)
rElec   .          Harm     .   (no cloak)
rCorr   .          Rampage  .   (no gloves)
Will    +....                   (boots unavailable)
Stlth   ++........              g - amulet of reflection
HPRegen 0.11/turn               d - ring of magical power
MPRegen 0.17/turn               f - ring of willpower

@: flying quickly and evasively, very slightly contaminated, quick
A: beak, talons 3, nimble flight
a: Renounce Religion, Upheaval


You were on level 5 of the Dungeon.
You worshipped Qazlal.
Qazlal was pleased with you.
You visited 1 branch of the dungeon, and saw 5 of its levels.

You collected 216 gold pieces.

Inventory:

Hand Weapons
 l - a +1 whip of venom
Missiles
 b - 16 poisoned darts
Armour
 a - a +0 robe (worn)
Magical Staves
 s - a staff of conjuration (weapon)
Jewellery
 d - a ring of magical power (left hand)
 f - a ring of willpower (right hand)
 g - an amulet of reflection (around neck)
Wands
 p - a wand of charming (9)
Scrolls
 c - a scroll of fear {unknown}
 i - a scroll of enchant weapon {unknown}
 j - a scroll of immolation {unknown}
 k - a scroll of teleportation {unknown}
 m - a scroll of noise {unknown}
 o - 4 scrolls of identify {unknown}
 q - a scroll of magic mapping {unknown}
 t - a scroll of fog {unknown}
 u - a scroll of summoning {unknown}
Potions
 e - a potion of cancellation {unknown}
 h - 4 potions of brilliance {unknown}
 n - a potion of degeneration {unknown}
 r - a potion of curing {unknown}


   Skills:
 + Level 1.3 Fighting
 + Level 2.3 Dodging
 - Level 2.0 Stealth
 + Level 3.0 Spellcasting
 - Level 1.3 Conjurations
 * Level 7.9 Air Magic
 + Level 0.5 Invocations
 + Level 0.6 Evocations


You had 3 spell levels left.
You knew the following spells:

 Your Spells              Type           Power      Damage    Failure   Level
a - Shock                 Conj/Air       100%       1d9       2%          1
b - Airstrike             Air            15%        N/A       6%          4
c - Swiftness             Air            31%        N/A       1%          3

Your spell library contained the following spells:

 Spells                   Type           Power      Damage    Failure   Level
 Static Discharge         Conj/Air       29%        N/A       3%          2
 Magic Dart               Conj           44%        1d5       10%         1
 Searing Ray              Conj           22%        3d3       14%         2
 Frozen Ramparts          Ice            4%         1d2       43%         3
 Fulminant Prism          Conj/Hex       3%         3d6       77%         4
 Ice Form                 Ice/Tmut       2%         N/A       85%         4
 Summon Ice Beast         Ice/Summ       2%         N/A       85%         4


Dungeon Overview and Level Annotations

Branches:
Dungeon (5/15)
 Temple: D:4-7

Altars:
Ashenzari
Hepliaklqana
Nemelex Xobeh
Qazlal
Zin

Annotations:
D:3 3 runed translucent doors, Chroloform's ghost, amateur MiFi; Spectrina's ghost, weakling DjWr
D:5 exclusion: centaur


Innate Abilities, Weirdness & Mutations

You have a beak for a mouth.
You have claws for feet.
Your magical nature lets you fly swiftly and evasively.


Message History

Aiming: Airstrike (quite dangerous; 6% risk of failure)
Press: ? - help, Dir - move target, f/p - wyvern
Aim: a wyvern (lightly wounded)
The air twists around and strikes the wyvern!
The wyvern is heavily wounded.
The wyvern barely misses you.
Unknown command.
Casting: Airstrike (quite dangerous; 6% risk of failure)
Confirm with . or Enter, or press ? or * to list all spells.
The spell is quite dangerous to cast (6% risk of failure)!
Continue anyway?
Okay, then.
Casting: Airstrike (quite dangerous; 6% risk of failure)
Confirm with . or Enter, or press ? or * to list all spells.
The spell is quite dangerous to cast (6% risk of failure)!
Continue anyway?
Aiming: Airstrike (quite dangerous; 6% risk of failure)
Press: ? - help, Dir - move target, f/p - wyvern
Aim: a wyvern (heavily wounded)
You miscast Airstrike.
You are very lightly contaminated with residual magic.
There is a short, sharp shower of sparks.
The wyvern bites you! You block the wyvern's attack.
Casting: Airstrike (quite dangerous; 6% risk of failure)
Confirm with . or Enter, or press ? or * to list all spells.
The spell is quite dangerous to cast (6% risk of failure)!
Continue anyway?
Aiming: Airstrike (quite dangerous; 6% risk of failure)
Press: ? - help, Dir - move target, f/p - wyvern
Aim: a wyvern (heavily wounded)
The air twists around and strikes the wyvern!
The wyvern is severely wounded.
The wyvern barely misses you.
Unknown command.
Casting: Airstrike (quite dangerous; 6% risk of failure)
Confirm with . or Enter, or press ? or * to list all spells.
The spell is quite dangerous to cast (6% risk of failure)!
Continue anyway?
Aiming: Airstrike (quite dangerous; 6% risk of failure)
Press: ? - help, Dir - move target, f/p - wyvern
Aim: a wyvern (severely wounded)
You miscast Airstrike.
Nothing appears to happen.
The wyvern bites you!!
Ouch! That really hurt!
You die...

#....!.. #.#.#.#.. #....#'#
#.#.#.#..
###....#.########.#.#.##.
#...<)...................
##.#.#......#######..#.###
#...........+ ...........
#...........#######..#.###
#..#...†(§l..........#.#
#.#####..#.....@#####.##...#.###
................................
#####....#....#####.##.###.###
...#.#.......................
.#####.#.#...........#.........##
.........#..#..#.#.###.##.####.#
#.####.###..#......###.##.####.##
#.# #..#..#...#....(.......) #.#
#..#......#.#.##.####.#.


You could see a wyvern.

Vanquished Creatures
  A scorpion (D:5)
  A hound (D:4)
  An orc priest (D:3)
  Jessica (D:3)
  An iguana (D:5)
  2 adders
  A worm (D:2)
  4 dart slugs
  13 orcs
  9 endoplasms
  A giant cockroach (D:3)
  8 goblins
  9 hobgoblins
  9 jackals
  3 quokkas
  3 ball pythons
  6 bats
  3 frilled lizards
  9 kobolds
  6 rats
91 creatures vanquished.

Notes
Turn   | Place    | Note
-------+----------+-------------------------------------------
     0 | D:1      | quinnr the Tengu Air Elementalist began the quest for the
                  | Orb.
     0 | D:1      | Reached XP level 1. HP: 10/10 MP: 4/4
   519 | D:1      | Reached XP level 2. HP: 11/15 MP: 0/6
   809 | D:1      | Reached skill level 5 in Air Magic
  1133 | D:1      | Reached XP level 3. HP: 13/19 MP: 7/7
  1518 | D:1      | Found a faded altar of an unknown god.
  1521 | D:1      | Became a worshipper of Qazlal Stormbringer
  1521 | D:1      | Reached * piety under Qazlal
  1707 | D:2      | Reached skill level 6 in Air Magic
  1851 | D:2      | Reached XP level 4. HP: 24/24 MP: 8/8
  1887 | D:2      | Learned a level 4 spell: Airstrike
  1918 | D:2      | Reached ** piety under Qazlal
  1957 | D:2      | Found a sparkling altar of Nemelex Xobeh.
  2907 | D:3      | Gained mutation: Your magical nature lets you fly swiftly
                  | and evasively. [Tengu growth]
  2907 | D:3      | Reached XP level 5. HP: 28/28 MP: 9/9
  2918 | D:3      | Reached skill level 7 in Air Magic
  3351 | D:3      | Found a runed translucent gate.
  3352 | D:3      | Found a runed translucent gate.
  3353 | D:3      | Found a runed translucent gate.
  3355 | D:3      | Noticed Chroloform's ghost (amateur MiFi)
  3356 | D:3      | Noticed Spectrina's ghost (weakling DjWr)
  3535 | D:3      | Noticed Jessica
  3537 | D:3      | Killed Jessica
  3550 | D:3      | Found a hazy altar of Hepliaklqana.
  3551 | D:3      | Found a faded altar of an unknown god.
  3891 | D:4      | Found a glowing silver altar of Zin.
  4051 | D:4      | Reached skill level 1 in Fighting
  4190 | D:4      | Found a broken altar of Ashenzari.
  4622 | D:4      | Learned a level 3 spell: Swiftness
  4647 | D:5      | Entered Level 5 of the Dungeon
  4665 | D:5      | Noticed a centaur
  4677 | D:5      | Reached XP level 6. HP: 34/34 MP: 11/11
  5011 | D:5      | Noticed a wyvern
  5022 | D:5      | Slain by a wyvern

Illustrated notes

Levels and vault maps discovered:
D:1:      giann_wishing_wells, layout_basic,
          hellmonk_ecumenical_altar_inner_sanctum
D:2:      layout_rooms, basic_altar
D:3:      layout_loops_ring, beargit_hepliaklqana_dungeon_heroes,
          gammafunk_ghost_cemetery
D:4:      layout_basic, mainiacjoe_overflow_large_starburst,
          supply_closet_lemuel, grunt_ministairs_1, kennysheep_generic_room_3
D:5:      layout_basic, uniq_edmund

Skill      XL: |  1  2  3  4  5  6 |
---------------+-------------------+-----
Air Magic      | 5 6 7 |  7.9
Fighting       | 1 |  1.3
Spellcasting   | 3 |  3.0
Dodging        | |  2.3
Stealth        | |  2.0
Conjurations   | |  1.3
Invocations    | |  0.5
Evocations     | |  0.6

Action                   |  1- 3 |  4- 6 || total
-------------------------+-------+-------++-------
Melee: Unarmed           |     2 |       ||     2
       Peck              |     1 |       ||     1
 Cast: Shock             |    83 |   119 ||   202
       Airstrike         |       |     4 ||     4
Armor: Robe              |     1 |       ||     1
Dodge: Dodged            |    10 |     5 ||    15
Block: Other             |       |     4 ||     4
       Reflection        |       |     1 ||     1

Table legend: (Time is in decaauts)
 A = Elapsed time spent in this place.
 B = Non-inter-level travel time spent in this place.
 C = Inter-level travel time spent in this place.
 D = Time resting spent in this place.
 E = Time spent auto-exploring this place.
 F = Levels seen in this place.
 G = Mean time per level.
                   A        B        C        D        E       F      G
               +--------+--------+--------+--------+--------+-----+--------+
         Total |   4868 |   4678 |    190 |    202 |   4050 |   5 |  973.6 |
       Dungeon |   4868 |   4678 |    190 |    202 |   4050 |   5 |  973.6 |
               +--------+--------+--------+--------+--------+-----+--------+

Top non-repeatable levels by time:
     D:1: 1579 daAuts
     D:3: 1140 daAuts
     D:2: 916 daAuts
     D:4: 886 daAuts
     D:5: 346 daAuts
